 Dungeon Crawl Stone Soup version 0.29.1-13-g9f3cf754e1 (webtiles) character file.

Game seed: 4655495949092552556

4593 bjubeck the Fighter (level 10, -16/95 HPs)
             Began as a Minotaur Fighter on Feb 1, 2023.
             Was a Priest of Okawaru.
             Demolished by an orc warlord
             ... wielding a +7 executioner's axe
              (34 damage)
             ... in a bailey.
             The game lasted 00:18:20 (6979 turns).

bjubeck the Fighter (Minotaur Fighter)              Turns: 6979, Time: 00:18:20

Health: -16/95     AC: 15    Str: 30    XL:     10   Next: 18%
Magic:  8/9        EV: 10    Int:  5    God:    Okawaru [***...]
Gold:   520        SH:  5    Dex: 11    Spells: 9/9 levels left

rFire   . . .      SeeInvis .   b - +2 hand axe (venom)
rCold   . . .      Faith    .   c - +0 buckler
rNeg    . . .      Spirit   .   u - +6 scale mail "Onikeko" {rPois Will- Regen+ Str+6}
rPois   +          Reflect  .   (helmet restricted)
rElec   .          Harm     .   (no cloak)
rCorr   .          Rampage  .   B - +0 pair of gloves
Will    .....                   (no boots)
Stlth   ..........              (no amulet)
HPRegen 1.05/turn               (no ring)
MPRegen 0.11/turn               (no ring)

@: no status effects
A: horns 2, retaliatory headbutt
a: Renounce Religion, Heroism


You were in a bailey.
You worshipped Okawaru.
Okawaru was most pleased with you.
You visited 2 branches of the dungeon, and saw 9 of its levels.
You also visited: Bailey.

You collected 520 gold pieces.

Inventory:

Hand Weapons
 a - a +0 war axe
 b - a +2 hand axe of venom (weapon)
 J - a +4 battleaxe of freezing
 L - a +0 arbalest
Armour
 c - a +0 buckler (worn)
 u - the +6 scale mail "Onikeko" (worn) {rPois Will- Regen+ Str+6}
   (You found it on level 3 of the Dungeon)

   Str:       It affects your strength (+6).
   rPois:     It protects you from poison.
   Regen:     It increases your rate of health regeneration.
   Will:      It decreases your willpower.
 B - a +0 pair of gloves (worn)
Jewellery
 p - a +6 ring of intelligence
Wands
 m - a wand of polymorph (5)
 n - a wand of iceblast (8)
 r - a wand of flame (76)
 v - a wand of paralysis (11)
Scrolls
 e - 11 scrolls of identify {unknown}
 f - 3 scrolls of blinking {unknown}
 h - 4 scrolls of enchant weapon {unknown}
 o - a scroll of torment {unknown}
 w - a scroll of magic mapping {unknown}
 y - a scroll of amnesia {unknown}
 z - 3 scrolls of butterflies {unknown}
 C - a scroll of acquirement {unknown}
 F - 3 scrolls of teleportation {unknown}
 G - a scroll of enchant armour {unknown}
 H - a scroll of vulnerability {unknown}
 I - a scroll of immolation {unknown}
 K - a scroll of noise {unknown}
 M - 2 scrolls of fear {unknown}
Potions
 d - a potion of might
 g - 5 potions of heal wounds {unknown}
 i - 3 potions of attraction {unknown}
 j - a potion of berserk rage {unknown}
 k - 3 potions of lignification {unknown}
 l - a potion of mutation {unknown}
 q - 2 potions of brilliance {unknown}
 s - a potion of magic {unknown}
 t - a potion of resistance {unknown}
 x - 2 potions of curing
 A - a potion of cancellation {unknown}
 D - 2 potions of haste
 E - 3 potions of invisibility {unknown}


   Skills:
 * Level 11.0 Fighting
 * Level 10.6 Axes
 + Level 8.2 Armour
 + Level 8.1 Shields


You had 9 spell levels left.
You didn't know any spells.
Your spell library contained the following spells:

 Spells                   Type           Power      Damage    Failure   Level
 Ensorcelled Hibernation  Hex/Ice        0%         N/A       88%         2
 Passwall                 Tmut/Erth      0%         N/A       88%         2
 Swiftness                Air            0%         N/A       98%         3


Dungeon Overview and Level Annotations

Branches:
Dungeon (8/15)             Temple (1/1) D:5          Bailey (1/1)
   Lair: D:8-11

Altars:
Ashenzari
Cheibriados
Dithmenos
Elyvilon
Fedhas
Gozag
Hepliaklqana
Kikubaaqudgha
Nemelex Xobeh
Okawaru
Qazlal
Ru
Sif Muna
Uskayaw
Wu Jian
Xom
Yredelemnul
Zin
The Shining One

Shops:
D:1 [

Annotations:
D:7 2 transporters


Innate Abilities, Weirdness & Mutations

You have a pair of horns on your head.
You reflexively headbutt those who attack you in melee.


Message History

The orc warlord closely misses you.
You hit the orc warlord but do no damage.
The orc warlord looks as sick as possible!
The orc warlord is moderately wounded.
You slash the goblin!
You kill the goblin!
Okawaru accepts your kill.
You hit the orc warlord.
The orc warlord looks as sick as possible!
Your headbutt misses the orc warlord.
The orc warlord is moderately wounded.
The orc warlord hits you with a +7 executioner's axe!!
You slash the orc warlord!
The orc warlord looks as sick as possible!
The orc warlord is heavily wounded.
You closely miss the orc warlord. You headbutt the orc warlord.
The orc warlord is heavily wounded.
The orc warlord completely misses you. You furiously retaliate!
You headbutt the orc warlord.
You hit the orc warlord but do no damage.
The orc warlord looks as sick as possible!
You headbutt the orc warlord.
The orc warlord is heavily wounded.
The orc warlord hits you with a +7 executioner's axe!
* * * LOW HITPOINT WARNING * * *
You hit the orc warlord.
The orc warlord looks as sick as possible!
The orc warlord is severely wounded.
You feel like a meek peon again. The orc warlord completely misses you.
You furiously retaliate!
You headbutt the orc warlord.
The orc warlord attacks as you move away!
The orc warlord hits you with a +7 executioner's axe!!
* * * LOW HITPOINT WARNING * * *
Things that are here:
2 boomerangs; a kobold corpse The orc warlord closely misses you.
The orc warlord attacks as you move away!
The orc warlord hits you with a +7 executioner's axe!!
You die...

##'#~.........~#(###..♣♣
~~.#~..8...8..~#.~~~...♣
~~.##.........##.~~~...♣
~~.#~....∩....~#.~~~...∩
~~)#~.........~#.~~~...♣
~).#~~.8...8.~ #.~~~...♣
##'###.......###'###..♣♣
....#~.8...8.~#....##.♣
....#~~~~~~~~~#.@...##♣
....####~~~####o.....##
8......#')'#......8...#
..............(.......#
..............).......#
8..8..........)8..8..##
......#######.).....##
.....## ##.....## #...##
##...##


You could see an orc warlord (extremely poisoned).

Vanquished Creatures
  A two-headed ogre (D:7)
  Pikel (D:7)
  Grinder (D:4)
  A wyvern (D:7)
  Menkaure (D:7)
  3 steam dragons
  2 water moccasins
  Duvessa (D:7)
  6 orc warriors
  A phantom (D:5)
  3 lemures (D:7)
  A kobold brigand (D:7)
  4 bullfrogs
  A scorpion (D:5)
  4 wights (D:8)
  Dowan (D:7)
  6 killer bees (D:7)
  A howler monkey (D:4)
  4 hounds
  2 jellies
  2 orc priests
  Ijyb (D:3)
  6 orc wizards
  Natasha (thrice) (D:3)
  An iguana (D:7)
  Robin (D:2)
  13 adders
  A white imp (D:6)
  An ufetubus (D:4)
  A worm (D:2)
  2 dart slugs
  27 orcs
  11 ball pythons
  6 bats
  7 endoplasms
  4 giant cockroaches (D:4)
  6 hobgoblins
  14 jackals
  2 quokkas
  3 frilled lizards
  16 goblins
  15 kobolds
  4 rats
192 creatures vanquished.

Vanquished Creatures (others)
  3 plants (D:3)
3 creatures vanquished.

Grand Total: 195 creatures vanquished

Notes
Turn   | Place    | Note
-------+----------+-------------------------------------------
     0 | D:1      | bjubeck the Minotaur Fighter began the quest for the Orb.
     0 | D:1      | Reached XP level 1. HP: 19/19 MP: 0/0
   291 | D:1      | Reached XP level 2. HP: 27/27 MP: 1/1
   458 | D:1      | Found Nyvegib's Armour Emporium.
   492 | D:1      | Reached skill level 4 in Fighting
   669 | D:2      | Reached XP level 3. HP: 26/33 MP: 2/2
   882 | D:2      | Found a faded altar of an unknown god.
  1045 | D:2      | Reached XP level 4. HP: 41/41 MP: 3/3
  1055 | D:2      | Noticed Robin
  1063 | D:2      | Killed Robin
  1809 | D:3      | Noticed Ijyb
  1817 | D:3      | Killed Ijyb
  1818 | D:3      | Reached XP level 5. HP: 47/47 MP: 4/4
  1898 | D:3      | Noticed Natasha
  1910 | D:3      | Killed Natasha
  1911 | D:3      | Reached skill level 5 in Fighting
  2094 | D:3      | Noticed Natasha
  2105 | D:3      | Killed Natasha
  2106 | D:3      | Reached XP level 6. HP: 19/56 MP: 5/5
  2294 | D:3      | Noticed Natasha
  2308 | D:3      | Killed Natasha
  2461 | D:3      | Identified the +6 scale mail "Onikeko" {rPois Will- Regen+
                  | Str+6}
  2628 | D:4      | Reached skill level 5 in Armour
  2630 | D:4      | Reached skill level 5 in Axes
  2700 | D:4      | Noticed Grinder
  2704 | D:4      | Paralysed by Grinder for 3 turns
  2714 | D:4      | Killed Grinder
  2715 | D:4      | Reached skill level 6 in Fighting
  2715 | D:4      | Reached skill level 5 in Shields
  2715 | D:4      | Reached XP level 7. HP: 64/64 MP: 6/6
  2789 | D:4      | Found an ornate altar of the Wu Jian Council.
  3317 | D:5      | Entered Level 5 of the Dungeon
  3436 | D:5      | Reached skill level 7 in Fighting
  3551 | D:5      | Found a staircase to the Ecumenical Temple.
  3563 | Temple   | Entered the Ecumenical Temple
  3732 | Temple   | Became a worshipper of Warmaster Okawaru
  3892 | D:5      | Found a glowing golden altar of the Shining One.
  3901 | D:5      | Reached XP level 8. HP: 73/73 MP: 7/7
  4694 | D:6      | Reached * piety under Okawaru
  4695 | D:6      | Reached skill level 8 in Fighting
  5200 | D:7      | Noticed a two-headed ogre
  5208 | D:7      | Killed a two-headed ogre
  5208 | D:7      | Reached ** piety under Okawaru
  5209 | D:7      | Reached skill level 9 in Fighting
  5209 | D:7      | Reached XP level 9. HP: 83/83 MP: 8/8
  5306 | D:7      | Found a sacrificial altar of Ru.
  5361 | D:7      | Noticed Pikel
  5373 | D:7      | Killed Pikel
  5415 | D:7      | Found a transporter.
  5451 | D:7      | Found a transporter.
  5620 | D:7      | Reached skill level 10 in Fighting
  5802 | D:7      | Reached *** piety under Okawaru
  5814 | D:7      | Found a shadowy altar of Dithmenos.
  5933 | D:7      | Noticed Menkaure
  5942 | D:7      | Killed Menkaure
  6051 | D:7      | Noticed Duvessa
  6051 | D:7      | Noticed Dowan
  6059 | D:7      | Killed Duvessa
  6060 | D:7      | Reached skill level 10 in Axes
  6062 | D:7      | Killed Dowan
  6301 | D:8      | Reached XP level 10. HP: 64/94 MP: 9/9
  6437 | D:8      | Found a hazy altar of Hepliaklqana.
  6438 | D:8      | Found a shimmering altar of Xom.
  6439 | D:8      | Noticed a cyclops
  6485 | D:8      | Found a flagged portal.
  6708 | Bailey   | Entered a bailey
  6727 | Bailey   | Noticed an orc warlord
  6844 | Bailey   | Found a runed translucent gate.
  6847 | Bailey   | Found a runed translucent gate.
  6849 | Bailey   | Found a runed translucent gate.
  6877 | Bailey   | Reached skill level 11 in Fighting
  6979 | Bailey   | Demolished by an orc warlord

Illustrated notes

Levels and vault maps discovered:
D:1:      ncdulo_watergridlock, layout_basic, serial_shops, nicolae_shop_trees
D:2:      layout_basic, dreamdust_ecumenical_altar_angels_and_demons,
          serial_corexii_hall, corexii_hall_statues_x, corexii_hall_statues_x,
          grunt_ministairs_15, uniq_robin
D:3:      layout_rooms, minmay_shallow_snake_nest, uniq_ijyb, uniq_natasha
D:4:      layout_basic, nicolae_wu_jian_wuxing_cycle, grunt_ministairs_9,
          hangedman_decor_slide_cut, chequers_garden, uniq_grinder
D:5:      layout_loops_ring, mainiacjoe_overflow_paths, temple_hall,
          hangedman_decor_peaks_small, minmay_misc_feat_tower,
          grunt_ministairs_11, minmay_tree_intersection
D:6:      layout_basic, dk_noncrumbling_4, serial_bayou_pond_e
D:7:      gammafunk_steamed_eel, layout_basic, kennysheep_mini_moat,
          mainiacjoe_overflow_boulevard, uniq_pikel, uniq_duvessa, uniq_menkaure
D:8:      layout_loops_ring, regret_index_temple_of_mockery, enter_bailey_2
Temple:   compressed_dpeg_triangle_lava_temple
Bailey:   bailey_axe_bossmonster_kennysheep, bailey

Skill      XL: |  1  2  3  4  5  6  7  8  9 10 |
---------------+-------------------------------+-----
Fighting       | 4 5 6 7 9 10 11 | 11.0
Axes           | 3 4 5 6 8 10 | 10.6
Shields        | 4 5 6 7 8 |  8.1
Armour         | 4 5 6 8 |  8.2

Action                   |  1- 3 |  4- 6 |  7- 9 | 10-12 || total
-------------------------+-------+-------+-------+-------++-------
Melee: War axe           |    70 |   107 |   104 |       ||   281
       Headbutt          |     8 |    16 |    40 |    20 ||    84
       Hand axe          |       |       |   133 |    80 ||   213
Invok: Heroism           |       |       |     1 |     1 ||     2
Armor: Scale mail        |    39 |    47 |   139 |    26 ||   251
Dodge: Dodged            |    31 |    39 |    85 |    27 ||   182
Block: Buckler           |    19 |    24 |    43 |    19 ||   105
